 Dungeon Crawl Stone Soup version 0.23.2-30-g0e89c35649 (webtiles) character file.

Game seed: 8361496382624455853

10077 Gildeon the Grappler (level 11, 0/113 HPs)
             Began as a Troll Fighter on June 26, 2019.
             Was a High Priest of Cheibriados.
             Slain by an eight-headed hydra (6 damage)
             ... on level 2 of the Lair of Beasts.
             The game lasted 00:31:04 (9240 turns).

Gildeon the Grappler (Troll Fighter)                Turns: 9240, Time: 00:31:05

Health: 0/113      AC:  6    Str: 45    XL:     11   Next: 31%
Magic:  13/13      EV: 22    Int: 20    God:    Cheibriados [*****.]
Gold:   197        SH:  0    Dex: 29    Spells: 15/15 levels left

rFire    . . .     SeeInvis .   f - +0 flail (drain)
rCold    . . .     Gourm    +   (no shield)
rNeg     + + .     Faith    .   a - +0 robe
rPois    .         Spirit   .   (helmet restricted)
rElec    .         Reflect  .   (no cloak)
rCorr    .         Harm     .   (gloves unavailable)
MR       .....                  (boots unavailable)
Stlth    +++.......             k - amulet of regeneration
HPRegen  1.08/turn              A - ring of positive energy
MPRegen  0.13/turn              v - ring of positive energy

@: mighty, agile, very slow
A: large, unfitting armour, claws 3, fast metabolism 3, gourmand, regeneration
1, shaggy fur 1, tough skin 3
a: Bend Time, Temporal Distortion, Slouch, Step From Time, Renounce Religion


You were on level 2 of the Lair of Beasts.
You worshipped Cheibriados.
Cheibriados was extremely pleased with you.
You were not hungry.

You visited 3 branches of the dungeon, and saw 13 of its levels.
You also visited: Sewer.

You collected 742 gold pieces.
You spent 545 gold pieces at shops.

Inventory:

Hand Weapons
 f - a +0 flail of draining (weapon)
 q - a +0 whip of venom
 C - a +1 whip of freezing
 I - the +9 war axe of Callousness {chop, Str+6, unknown}
   (You found it on level 9 of the Dungeon)

   It inflicts extra damage upon your enemies.
   It affects your strength (+6).
Missiles
 P - 7 tomahawks (quivered)
Armour
 a - a +0 robe (worn)
Jewellery
 k - an amulet of regeneration (around neck)
 o - an uncursed ring of fire
 v - a ring of positive energy (right claw)
 A - a ring of positive energy (left claw)
 B - a +2 ring of dexterity {unknown}
 E - an uncursed ring of wizardry {unknown}
 G - an uncursed amulet of the gourmand {unknown}
 J - a +6 ring of evasion {unknown}
Wands
 p - a wand of flame (28)
 z - a wand of clouds (4)
 O - a wand of polymorph (6)
Scrolls
 b - 3 scrolls of fear {unknown}
 e - a scroll of enchant weapon {unknown}
 g - a scroll of random uselessness {unknown}
 h - 3 scrolls of magic mapping {unknown}
 i - 4 scrolls of remove curse {unknown}
 l - a scroll of blinking {unknown}
 m - 10 scrolls of teleportation
 r - a scroll of fog {unknown}
 u - 3 scrolls of amnesia {unknown}
 y - a scroll of summoning {unknown}
 F - 2 scrolls of enchant armour {unknown}
 H - a scroll of brand weapon {unknown}
 K - a scroll of acquirement {unknown}
 M - a scroll of holy word {unknown}
 N - a scroll of vulnerability {unknown}
Potions
 c - a potion of might
 j - 4 potions of heal wounds
 n - 3 potions of brilliance
 s - 2 potions of degeneration {unknown}
 t - 4 potions of flight {unknown}
 w - 2 potions of mutation {unknown}
 x - a potion of agility
 D - 3 potions of curing {unknown}
 L - a potion of ambrosia {unknown}
Comestibles
 d - 23 rations


   Skills:
 + Level 8.3 Fighting
 - Level 1.3 Throwing
 - Level 5.0 Armour
 + Level 6.9 Dodging
   Level 2.4 Shields
 + Level 10.2 Unarmed Combat
 - Level 2.5 Spellcasting
 - Level 2.5 Invocations
 - Level 1.3 Evocations


You had 15 spell levels left.
You didn't know any spells.
Your spell library contained the following spells:

 Spells                   Type           Power        Failure   Level  Hunger
 Summon Butterflies       Summ           #.......     16%         1    None
 Call Canine Familiar     Summ           #.......     41%         3    ###....
 Summon Ice Beast         Ice/Summ       #.......     83%         4    ####...
 Summon Mana Viper        Hex/Summ       #.......     99%         5    ######.
 Summon Hydra             Summ           #.........   100%        7    #######


Dungeon Overview and Level Annotations

Branches:
Dungeon (10/15)            Temple (1/1) D:4            Lair (2/6) D:10
    Orc (0/2) D:9
  Swamp: Lair:2-4    Shoals: Lair:2-4     Snake: Lair:2-4    Spider: Lair:2-4

Altars:
Ashenzari
Cheibriados
Dithmenos
Elyvilon
Fedhas
Gozag
Hepliaklqana
Kikubaaqudgha
Makhleb
Nemelex Xobeh
Okawaru
Qazlal
Ru
Sif Muna
Trog
Uskayaw
Vehumet
Wu Jian
Xom
Yredelemnul
Zin
The Shining One

Shops:
D:4 *   D:6 (


Innate Abilities, Weirdness & Mutations

You are too large for most types of armour.
You have claws for hands.
Your metabolism is lightning-fast.
You like to eat raw meat.
Your natural rate of healing is unusually fast.
You are covered in fur. (AC +1)
You have extremely tough skin. (AC +3)


Message History

The eight-headed hydra barely misses you.
The eight-headed hydra bites you! The eight-headed hydra bites you.
The eight-headed hydra completely misses you.
The eight-headed hydra bites you!
The eight-headed hydra closely misses you.
You barely miss the eight-headed hydra.
The eight-headed hydra is heavily wounded.
The eight-headed hydra bites you. The eight-headed hydra misses you.
The eight-headed hydra bites you!
* * * LOW HITPOINT WARNING * * *
The eight-headed hydra completely misses you.
The eight-headed hydra bites you!
* * * LOW HITPOINT WARNING * * *
The eight-headed hydra bites you!
* * * LOW HITPOINT WARNING * * *
The eight-headed hydra completely misses you.
The eight-headed hydra bites you.
* * * LOW HITPOINT WARNING * * *
The eight-headed hydra bites you.
You die...

............#.....#
...#..............#
#....(....#.._... #
##........#...... .P
#####...............
...
#.#....†....P###.#..
....#...........## .
.......#.........##.
.......#@...........
..$....D............
.....................
(....................
....................
....................
.........^..........
#.......#...........
#######!...........


You could see an eight-headed hydra.

Vanquished Creatures
  A centaur warrior (D:10)
  Nergalle (Lair:1)
  A black mamba (Lair:1)
  A spiny frog (Lair:1)
  A queen bee (D:8)
  Grinder (D:3)
  A hornet (D:7)
  A hippogriff (Lair:1)
  8 yaks
  A hungry ghost (D:7)
  A basilisk (D:10)
  3 water moccasins
  6 porcupines
  3 orc warriors (D:9)
  A sky beast (D:6)
  2 ice beasts
  4 ogres
  2 eyes of draining (D:8)
  A necrophage (D:10)
  2 phantoms
  2 centaurs
  3 crocodiles
  8 big kobolds
  Blork the orc (D:4)
  3 bullfrogs
  A gnoll sergeant (D:9)
  2 water moccasin zombies
  A wyvern skeleton (D:8)
  2 scorpions
  18 killer bees
  3 howler monkeys
  An electric eel (D:9)
  A bullfrog zombie (D:8)
  A crimson imp (D:5)
  A quasit (D:6)
  A jelly (D:5)
  5 hounds
  A bullfrog skeleton (D:8)
  2 orc priests (D:9)
  4 iguanas
  Jessica (D:3)
  Ijyb (D:3)
  7 worker ants
  7 orc wizards
  4 hound zombies
  3 hound skeletons
  8 gnolls
  A howler monkey skeleton (D:5)
  13 adders
  A river rat (Sewer)
  2 shadow imps (D:6)
  4 oozes (Sewer)
  An adder zombie (D:8)
  An adder skeleton (D:5)
  5 worms
  A dart slug (D:3)
  10 leopard geckos
  55 orcs
  2 ball pythons (Sewer)
  10 giant cockroaches
  20 goblins
  4 hobgoblins
  4 jackals (D:7)
  8 quokkas
  7 bats
  A frilled lizard (D:2)
  16 kobolds
  3 leopard gecko skeletons
  A quokka zombie (D:6)
  12 rats
  6 plants (Lair:1)
322 creatures vanquished.

Vanquished Creatures (others)
  3 bushes (D:10)
  6 fungi (D:10)
  9 plants (D:10)
  4 toadstools (D:2)
22 creatures vanquished.

Grand Total: 344 creatures vanquished

Notes
Turn   | Place    | Note
-------+----------+-------------------------------------------
     0 | D:1      | Gildeon the Troll Fighter began the quest for the Orb.
     0 | D:1      | Reached XP level 1. HP: 22/22 MP: 0/0
     0 | D:1      | Noticed an ice dragon
     0 | D:1      | Noticed an orb of fire
     7 | D:1      | Noticed a shadow dragon
     9 | D:1      | Noticed a shadow dragon
     9 | D:1      | Noticed a tentacled monstrosity
    12 | D:1      | Noticed an iron dragon
    13 | D:1      | Noticed an ice dragon
    14 | D:1      | Noticed an ice dragon
    16 | D:1      | Noticed a tentacled monstrosity
    18 | D:1      | Noticed an iron dragon
    18 | D:1      | Noticed an iron dragon
    22 | D:1      | Noticed an ice dragon
    22 | D:1      | Noticed an orb of fire
    24 | D:1      | Noticed a tentacled monstrosity
    24 | D:1      | Noticed an iron dragon
   164 | D:1      | Reached XP level 2. HP: 28/29 MP: 1/1
   688 | D:2      | Reached XP level 3. HP: 36/36 MP: 2/2
   724 | D:2      | Found a sparkling altar of Nemelex Xobeh.
   748 | D:2      | Reached skill level 1 in Armour
  1029 | D:2      | Reached XP level 4. HP: 42/44 MP: 3/3
  1168 | D:3      | Noticed Ijyb
  1177 | D:3      | Killed Ijyb
  1341 | D:3      | Found a burning altar of Makhleb.
  1386 | D:3      | Found a bloodstained altar of Trog.
  1502 | D:3      | Reached skill level 3 in Unarmed Combat
  1637 | D:3      | Noticed Grinder
  1642 | D:3      | Paralysed by Grinder for 3 turns
  1648 | D:3      | Killed Grinder
  1648 | D:3      | Reached XP level 5. HP: 45/53 MP: 4/4
  1648 | D:3      | Reached XP level 6. HP: 52/61 MP: 5/5
  1680 | D:3      | Found a glowing drain.
  1706 | Sewer    | Entered a sewer
  1791 | Sewer    | Reached skill level 4 in Unarmed Combat
  1819 | Sewer    | Reached XP level 7. HP: 56/68 MP: 6/6
  2455 | D:3      | Noticed Jessica
  2462 | D:3      | Killed Jessica
  2506 | D:4      | Found a staircase to the Ecumenical Temple.
  2525 | Temple   | Entered the Ecumenical Temple
  2533 | Temple   | Became a worshipper of Cheibriados the Contemplative
  2843 | D:4      | Noticed Blork the orc
  2850 | D:4      | Killed Blork the orc
  2889 | D:4      | Reached skill level 5 in Unarmed Combat
  2889 | D:4      | Reached XP level 8. HP: 63/79 MP: 7/7
  2891 | D:4      | Reached * piety under Cheibriados
  2936 | D:4      | Found Oboff's Assorted Antiques.
  2992 | D:4      | Bought a scroll labeled SEEROUS CELAAMN for 29 gold pieces
  2992 | D:4      | Bought a sedimented cyan potion for 26 gold pieces
  2992 | D:4      | Bought a fuming yellow potion for 26 gold pieces
  2992 | D:4      | Bought a scroll labeled XIGOWU DESI for 29 gold pieces
  3310 | D:5      | Entered Level 5 of the Dungeon
  3356 | D:5      | Found a glowing golden altar of the Shining One.
  3540 | D:5      | Reached skill level 5 in Fighting
  3540 | D:5      | Reached skill level 5 in Dodging
  3542 | D:5      | Reached ** piety under Cheibriados
  4009 | D:6      | Reached skill level 1 in Invocations
  4049 | D:6      | Reached skill level 6 in Unarmed Combat
  4105 | D:6      | Found a white marble altar of Elyvilon.
  4191 | D:6      | Reached XP level 9. HP: 76/88 MP: 9/9
  4268 | D:6      | Found Ceorumia's Antique Weapon Shop.
  4271 | D:6      | Reached skill level 5 in Armour
  4353 | D:6      | Reached *** piety under Cheibriados
  4794 | D:7      | Reached skill level 1 in Spellcasting
  4926 | D:7      | Reached skill level 7 in Unarmed Combat
  4964 | D:7      | Reached **** piety under Cheibriados
  5584 | D:8      | Found a radiant altar of Vehumet.
  5598 | D:8      | Found a hide-covered altar of Uskayaw.
  5761 | D:8      | Reached skill level 8 in Unarmed Combat
  5804 | D:8      | Noticed a queen bee
  5823 | D:8      | Killed a queen bee
  5823 | D:8      | Reached XP level 10. HP: 16/100 MP: 12/12
  5864 | D:8      | Reached skill level 1 in Evocations
  5963 | D:8      | Reached ***** piety under Cheibriados
  6444 | D:9      | Reached skill level 1 in Throwing
  6510 | D:9      | Got a crude war axe
  6737 | D:9      | Reached skill level 9 in Unarmed Combat
  6738 | D:9      | Found a staircase to the Orcish Mines.
  6967 | D:9      | Found a hazy altar of Hepliaklqana.
  6997 | D:10     | Entered Level 10 of the Dungeon
  7073 | D:10     | Noticed a centaur warrior
  7084 | D:10     | Killed a centaur warrior
  7364 | D:10     | Reached XP level 11. HP: 55/111 MP: 13/13
  7390 | D:10     | Found a staircase to the Lair.
  7910 | D:4      | Bought a papyrus book for 435 gold pieces
  8103 | Lair:1   | Entered Level 1 of the Lair of Beasts
  8451 | Lair:1   | Reached skill level 10 in Unarmed Combat
  8545 | Lair:1   | Noticed Nergalle
  8558 | Lair:1   | Killed Nergalle
  9213 | Lair:2   | Found a hazy altar of Hepliaklqana.
  9233 | Lair:2   | Noticed an eight-headed hydra
  9240 | Lair:2   | Slain by an eight-headed hydra

Skill      XL: |  1  2  3  4  5  6  7  8  9 10 11 |
---------------+----------------------------------+-----
Armour         | 1 2 3 4 5 |  5.0
Fighting       | 3 4 5 6 7 8 |  8.3
Dodging        | 3 4 5 6 |  6.9
Unarmed Combat | 3 4 5 6 8 9 10 | 10.2
Invocations    | 2 |  2.5
Spellcasting   | 2 |  2.5
Evocations     | 1 |  1.3
Throwing       | 1 |  1.3
Shields        | |  2.4

Action                   |  1- 3 |  4- 6 |  7- 9 | 10-12 || total
-------------------------+-------+-------+-------+-------++-------
Melee: Unarmed           |   127 |    98 |   440 |   250 ||   915
       Punch             |     1 |     2 |    15 |    15 ||    33
       Flail             |       |       |       |     2 ||     2
Throw: Tomahawk          |       |       |       |     4 ||     4
Evoke: Wand              |       |       |     3 |     4 ||     7
  Use: Scroll            |     3 |     1 |     1 |     1 ||     6
       Potion            |       |       |     1 |     2 ||     3
 Stab: Sleeping          |       |       |     2 |     4 ||     6
  Eat: Chunk             |    15 |     8 |    34 |    16 ||    73
Armor: Robe              |    60 |    32 |   113 |    29 ||   234
Dodge: Dodged            |    88 |    47 |   283 |   153 ||   571
